Map: Kairos Junction LE

Players

contenance - Winner!

  • Race: Zerg Zerg
  • League: Platinum
  • Spawn Location: 11:00

XOURCE

  • Race: Zerg Zerg
  • League: Silver
  • Spawn Location: 5:00

VOD

Have the link to the VOD?

Description

Time

  • Played on: Feb. 9, 2019, 8:42 a.m.
  • Length: 13:31
Show
View Real Time Build Order
Export as new Build Order

contenance Zerg - Winner!

Build Orders: Hatch First, Muta Ling Bane, Zergling Baneling 

Get SALT Encoding   

  12  0:01  Drone  
  13  0:08  Drone  
  14  0:19  Overlord  
  14  0:28  Extractor  
  13  0:29  Drone, Extractor  
  13  0:30  Drone  
  16  0:38  Drone  
  17  0:44  Drone  
  18  1:00  Hatchery, Extractor  
  18  1:03  Drone  
  17  1:16  Spawning Pool  
  16  1:20  Drone  
  16  1:24  Drone  
  18  1:28  Drone  
  20  1:40  Drone  
  20  1:48  Overlord  
  20  1:59  Drone  
  21  2:04  Metabolic Boost  
  21  2:06  Queen  
  23  2:10  Drone  
  23  2:14  Queen  
  26  2:21  Overlord  
  26  2:24  Drone  
  26  2:26  Zergling x2  
  28  2:36  Drone x2  
  30  2:41  Baneling Nest  
  30  2:42  Zergling x2  
  30  2:57  Zergling x6  
  33  3:12  Drone x2  
  35  3:15  Drone  
  35  3:16  Drone  
  35  3:18  Hatchery  
  36  3:26  Queen  
  38  3:29  Overlord  
  38  3:33  Baneling  
  38  3:34  Baneling x2  
  38  3:35  Baneling  
  38  3:39  Zergling x2, Drone  
  40  3:42  Drone  
  37  4:01  Zergling x2, Drone  
  37  4:02  Zergling x2, Drone x2  
  41  4:05  Baneling  
  41  4:06  Baneling  
  41  4:08  Lair  
  41  4:14  Evolution Chamber, Extractor  
  41  4:15  Zergling x6, Extractor  
  41  4:30  Zergling x2, Drone  
  43  4:32  Overlord  
  43  4:37  Drone x3  
  43  4:38  Drone  
  47  4:39  Zerg Melee Weapons Level 1  
  47  4:46  Drone  
  47  4:47  Drone x3  
  47  4:51  Baneling x2  
  51  4:55  Drone x3  
  54  5:01  Overlord  
  52  5:30  Centrifical Hooks  
  52  5:31  Drone x2  
  55  5:35  Drone x2  
  55  5:36  Spire, Drone x2, Extractor  
  55  5:37  Drone  
  55  5:38  Zergling x14  
  55  5:42  Baneling x2  
  64  5:45  Queen  
  66  6:03  Drone  
  66  6:04  Drone x6  
  73  6:05  Overlord  
  73  6:06  Overlord  
  73  6:37  Extractor  
  73  6:38  Queen, Extractor  
  73  6:47  Drone x3  
  73  6:48  Drone x2  
  73  6:49  Drone, Mutalisk x5  
  73  6:52  Overlord x3  
  89  6:54  Zerg Flyer Weapons Level 1  
  89  7:08  Zerg Ground Armor Level 1  
  89  7:12  Drone, Evolution Chamber, Mutalisk  
  89  7:13  Queen  
  93  7:16  Drone x5  
  93  7:18  Mutalisk  
  100  7:33  Zergling x2  
  100  7:34  Zergling x14  
  108  7:38  Mutalisk x3  
  113  8:11  Overlord x3  
  113  8:12  Overlord x2  
  113  8:23  Mutalisk x4  
  107  8:36  Mutalisk  
  107  8:37  Mutalisk x4  
  107  8:38  Mutalisk  
  119  8:48  Zerg Flyer Armor Level 1  
  119  8:49  Mutalisk  
  119  8:50  Mutalisk  
  122  9:00  Drone  
  122  9:01  Drone x3  
  126  9:25  Hatchery  
  126  9:29  Zergling x2  
  126  9:30  Zergling x14, Hatchery, Extractor x2  
  128  9:51  Infestation Pit  
  127  9:54  Hatchery  
  126  10:00  Drone x3  
  126  10:01  Drone x3  
  126  10:02  Overlord x2  
  126  10:05  Baneling  
  126  10:06  Baneling x7  
  132  10:12  Zergling x4, Zerg Melee Weapons Level 2  
  132  10:13  Zerg Ground Armor Level 2  
  127  10:31  Baneling x13  
  127  10:34  Baneling  
  127  10:35  Baneling x6  
  126  10:37  Zergling x2  
  126  10:38  Zergling x18  
  136  10:43  Drone x2  
  136  10:45  Queen  
  140  10:50  Hive  
  140  10:51  Zerg Flyer Weapons Level 2  
  140  10:54  Drone  
  140  10:55  Drone x4  
  145  11:00  Drone x3  
  145  11:02  Overlord  
  144  11:07  Overlord x3  
  144  11:12  Zergling x2  
  144  11:13  Zergling x8  
  149  11:26  Zergling x20  
  155  12:01  Hatchery  
  154  12:06  Ultralisk Cavern  
  153  12:30  Baneling, Hatchery  
  153  12:31  Baneling x14  
  153  12:32  Extractor  
  153  12:34  Baneling x9, Extractor  
  153  12:35  Baneling x8  
  150  12:41  Drone x3  
  150  12:42  Drone x3  
Show
View Real Time Build Order
Export as new Build Order

XOURCE Zerg 

Build Orders: Hatch First 

Get SALT Encoding   

  12  0:01  Drone  
  13  0:13  Overlord  
  13  0:17  Drone  
  14  0:31  Drone x2  
  16  0:49  Hatchery  
  15  0:53  Drone  
  15  0:56  Drone  
  17  1:00  Drone  
  18  1:09  Extractor  
  17  1:15  Spawning Pool  
  16  1:19  Drone  
  16  1:21  Drone  
  18  1:28  Drone  
  19  1:46  Drone  
  20  1:50  Overlord  
  20  2:02  Zergling x4  
  20  2:03  Queen x2  
  26  2:12  Metabolic Boost  
  26  2:15  Drone  
  26  2:16  Drone  
  28  2:24  Drone x2  
  30  2:33  Overlord  
  30  2:34  Drone  
  31  2:43  Drone  
  32  2:50  Drone  
  33  2:55  Hatchery  
  32  2:59  Overlord  
  32  3:00  Overlord  
  32  3:05  Drone  
  33  3:08  Queen  
  35  3:14  Drone  
  35  3:16  Overlord  
  35  3:18  Drone  
  35  3:19  Drone  
  38  3:21  Drone  
  39  3:29  Drone x2, Evolution Chamber  
  39  3:32  Zergling x2  
  39  3:33  Zergling x2  
  38  4:01  Drone x5  
  38  4:02  Drone x3  
  33  4:18  Drone x3  
  33  4:19  Drone x3  
  39  4:36  Zergling x4, Baneling Nest  
  40  4:41  Overlord x2  
  40  4:49  Zergling x10  
  45  5:11  Drone x3  
  45  5:12  Drone x3  
  46  5:21  Drone  
  46  5:22  Drone  
  46  5:23  Zergling x2  
  49  5:37  Baneling x4  
  49  5:44  Roach Warren, Drone  
  49  5:45  Drone x3  
  52  5:50  Extractor  
  52  5:51  Drone x3, Extractor  
  52  5:52  Drone  
  52  5:53  Drone x2  
  52  5:55  Zergling x4  
  58  5:58  Zerg Melee Weapons Level 1  
  58  6:03  Queen  
  60  6:11  Overlord x2  
  60  6:12  Overlord x2  
  56  6:29  Drone  
  56  6:30  Drone x3  
  60  6:35  Drone, Overlord x2  
  60  6:36  Drone, Overlord  
  60  6:37  Drone x4  
  66  6:41  Lair  
  66  6:45  Roach x2  
  70  7:00  Zergling x12  
  76  7:11  Roach x6  
  88  7:32  Roach  
  88  7:33  Roach x9  
  108  7:39  Queen x2  
  108  7:40  Queen  
  114  7:45  Spore Crawler  
  114  7:48  Spore Crawler  
  108  7:55  Spore Crawler  
  105  8:14  Zergling x20  
  113  8:27  Spore Crawler  
  107  8:32  Zerg Missile Weapons Level 1  
  107  8:38  Overlord x8  
  106  8:45  Glial Reconstitution  
  85  9:10  Hydralisk Den  
  85  9:16  Zergling x2  
  78  9:17  Zergling x20  
  71  9:29  Queen x2  
  77  9:31  Hatchery  
  67  9:46  Overlord x2  
  67  9:47  Hydralisk x6  
  74  10:00  Hydralisk x8  
  90  10:08  Grooved Spines  
  71  10:33  Hydralisk x10  
  90  10:40  Centrifical Hooks  
  90  10:50  Drone x3  
  86  11:07  Zergling x12  
  88  11:56  Drone  
  88  11:57  Drone x9  
  98  12:26  Spawning Pool  
  98  12:27  Hatchery  
  98  12:28  Hatchery  
  98  12:29  Baneling  
  95  12:30  Baneling x4  
Tags
 
Add a new tag
Caveats
  • Supply blocks, unpowered buildings, or Contaminate may cause inaccurate times.
  • Supply counts are checked every 10 seconds.